 Dungeon Crawl Stone Soup version 0.27-a0-1118-ga84896973d (webtiles) character file.

Game seed: 17669310463271258314

40 DogServant the Grave Robber (level 3, 27/27 HPs)
             Began as a Ghoul Necromancer on May 2, 2021.
             Quit the game on level 1 of the Dungeon on May 4, 2021.
             The game lasted 00:04:50 (1688 turns).

DogServant the Grave Robber (Ghoul Necromancer)     Turns: 1688, Time: 00:04:50

Health: 27/27      AC:  2    Str: 12    XL:     3   Next: 50%
Magic:  5/5        EV: 12    Int: 10    God:
Gold:   80         SH:  0    Dex:  9    Spells: 2/6 levels left

rFire    . . .     SeeInvis .   g - staff of death
rCold    + . .     Faith    .   (no shield)
rNeg     + + +     Spirit   .   a - +0 robe
rPois    ∞         Reflect  .   (no helmet)
rElec    .         Harm     .   j - scarf {repulsion}
rCorr    .         Rampage  .   (no gloves)
Will     .....                  (no boots)
Stlth    ++........             (no amulet)
HPRegen  0.00/turn              (no ring)
MPRegen  0.09/turn              (no ring)

@: repel missiles
A: claws 1, cold resistance 1, negative energy resistance 3, inhibited
regeneration, torment resistance 2, unbreathing 1
a: no special abilities


You were on level 1 of the Dungeon.
You visited 1 branch of the dungeon, and saw 1 of its levels.

You collected 80 gold pieces.

Inventory:

Hand Weapons
 c - a +0 short sword
 e - a +2 vampiric dagger
Armour
 a - a +0 robe (worn)
 d - a +0 ring mail
 j - a scarf of repulsion (worn)
Magical Staves
 g - a staff of death (weapon)
Scrolls
 b - a scroll of blinking {unknown}
 f - a scroll of teleportation {unknown}
 k - a scroll of enchant weapon {unknown}
Potions
 h - a potion of berserk rage {unknown}
 i - 2 potions of haste {unknown}


   Skills:
 + Level 0.4 Fighting
 - Level 2.5 Dodging
 - Level 2.1 Stealth
 - Level 2.0 Spellcasting
 + Level 4.5 Necromancy


You had 2 spell levels left.
You knew the following spells:

 Your Spells              Type           Power      Damage    Failure   Level
a - Pain                  Necr           60%        1d7       4%          1
b - Vampiric Draining     Necr           7%         2d7       14%         3

Your spell library contained the following spells:

 Spells                   Type           Power      Damage    Failure   Level
 Animate Skeleton         Necr           30%        N/A       4%          1
 Animate Dead             Necr           7%         N/A       43%         4
 Agony                    Necr           15%        N/A       80%         5


Dungeon Overview and Level Annotations

Branches:
Dungeon (1/15)

Altars:


Innate Abilities, Weirdness & Mutations

You thrive by killing the living.
You are immune to poison.
You have sharp fingernails.
Your flesh is cold resistant. (rC+)
You are immune to negative energy. (rN+++)
You do not regenerate when monsters are visible.
You are immune to unholy pain and torment.
You can survive without breathing.


Message History

A goblin is nearby!
The goblin shouts!
You barely miss the goblin. The goblin hits you with a +0 club.
You hit the goblin.
The goblin is moderately wounded.
The goblin hits you with a +0 club.
You closely miss the goblin.
The goblin is moderately wounded.
The goblin hits you with a +0 club.
You closely miss the goblin.
The goblin is moderately wounded.
The goblin misses you. The goblin hits you with a +0 club.
You closely miss the goblin.
The goblin is moderately wounded.
The goblin closely misses you.
You hit the goblin.
The goblin is severely wounded.
The goblin barely misses you.
You hit the goblin.
The goblin writhes in agony.
You kill the goblin!
No target in view!
No target in view!
No target in view!
No target in view!
No target in view!
No target in view!
No target in view!
No target in view!
No target in view!
Things that are here:
a +0 club; a goblin corpse
There is a stone staircase leading down here.
You see here a +0 club.
You see here a +0 club.
You open the door.
A rat comes into view.
Found a fuming pink potion.
Welcome back, DogServant the Ghoul Necromancer.
Press ? for a list of commands and other information.
Are you sure you want to abandon this character and quit the game? (Confirm with "yes".)

#....>.. #.......
#....... #.......
#..^....
###############)##
#.........# ##...#
#.#######.###.....
#@# #.##......
#.'.....#..##.....
#.#...!.#.........
..#....r#..###....
..#######..##.....
..............#....
.#######.#....#....
#. ########.##.###
###...####'####..


You could see a rat (asleep).

Vanquished Creatures
  2 endoplasms (D:1)
  5 goblins (D:1)
  8 hobgoblins (D:1)
  3 jackals (D:1)
  3 quokkas (D:1)
  2 ball pythons (D:1)
  4 bats (D:1)
  3 frilled lizards (D:1)
  3 kobolds (D:1)
  4 rats (D:1)
37 creatures vanquished.

Vanquished Creatures (others)
  9 plants (D:1)
9 creatures vanquished.

Grand Total: 46 creatures vanquished

Notes
Turn   | Place    | Note
-------+----------+-------------------------------------------
     0 | D:1      | DogServant the Ghoul Necromancer began the quest for the
                  | Orb.
     0 | D:1      | Reached XP level 1. HP: 14/14 MP: 2/2
   156 | D:1      | Reached XP level 2. HP: 14/20 MP: 0/3
   819 | D:1      | Reached XP level 3. HP: 26/26 MP: 5/5
   877 | D:1      | Learned a level 3 spell: Vampiric Draining
  1688 | D:1      | Quit the game

Illustrated notes

Levels and vault maps discovered:
D:1:      dpeg_arrival_three_smaller_balls, layout_loops_cross, serial_forest,
          infiniplex_forest_clump_double, infiniplex_forest_clump_double,
          infiniplex_forest_diagonal, infiniplex_forest_split,
          infiniplex_forest_clump_medium, nrook_mini_vaults, minmay_3d_cube

Skill      XL: |  1  2 |
---------------+-------+-----
Dodging        | 2 |  2.5
Spellcasting   | 2 |  2.0
Fighting       | |  0.4
Stealth        | |  2.1
Necromancy     | |  4.5

Action                   || total
-------------------------++-------
Melee: Short sword       ||    37
       Unarmed           ||     1
       Dagger            ||    42
       Staff             ||    46
 Cast: Pain              ||    15
 Stab: Distracted        ||     1
Armor: Robe              ||    11
       Ring mail         ||    19
Dodge: Dodged            ||    75

Table legend: (Time is in decaauts)
 A = Elapsed time spent in this place.
 B = Non-inter-level travel time spent in this place.
 C = Inter-level travel time spent in this place.
 D = Time resting spent in this place.
 E = Time spent auto-exploring this place.
 F = Levels seen in this place.
 G = Mean time per level.
                   A        B        C        D        E       F      G
               +--------+--------+--------+--------+--------+-----+--------+
         Total |   1699 |   1699 |      0 |    185 |   1178 |   1 | 1699.0 |
       Dungeon |   1699 |   1699 |      0 |    185 |   1178 |   1 | 1699.0 |
               +--------+--------+--------+--------+--------+-----+--------+

Top non-repeatable levels by time:
     D:1: 1699 daAuts
